Stars vs RedWings

Created - December-05-12 at 18:19

Goals
1 2 3 T
Stars 1 1 1 3
RedWings 0 0 0 0
Shots
1 2 3 T
Stars 10 5 6 21
RedWings 11 3 7 21

1st period

1. Stars , Mike Cammalleri 6 (Ed Jovanovski, Raphael Diaz) at 19:03 (PP)

Penalties :
Derick Brassard (DAL) for Goalie Interference (Minor) at 0:44, Daymond Langkow (DET) for Roughing (Minor) at 3:37, Eric Brewer (DET) for Boarding (Minor) at 11:50, Paul Martin (DET) for Hooking (Minor) at 17:30

2nd period

2. Stars , Derick Brassard 7 (Raphael Diaz, Mathieu Garon) at 9:45

Penalties :
Pavel Kubina (DET) for Hooking (Minor) at 2:18, Derick Brassard (DAL) for Hooking (Minor) at 16:42, Nicklas Grossmann (DAL) for High sticking (Minor) at 17:31

3rd period

3. Stars , Rene Bourque 7 (Scott Gomez, Alec Martinez) at 17:53

Penalties :
Pavel Kubina (DET) for Hooking (Minor) at 2:06, Brandon Prust (DAL) for Hooking (Minor) at 6:55, Matt Martin (DAL) for Cross-checking (Minor) at 10:34, Nick Schultz (DAL) for High sticking (Double Minor) at 15:11, Eric Brewer (DET) for Holding (Minor) at 16:30

Goalie Stats

Mathieu Garon (DAL), 21 saves from 21 shots - (1.000), W, 6-3-0, 60:00 minutes
Roberto Luongo (DET), 18 saves from 21 shots - (0.857), L, 13-11-4, 60:00 minutes

Players Stats for Stars

Player Name              G  A  P  +/- PIM S  H  SB GA TA FO     MP     PP MP  PK MP  
------------------------------------------------------------------------------------
Alec Martinez            0  1  1   1  0   3  1  0  0  0  0/0    21:18   4:52   3:42 
Brandon Prust            0  0  0   1  2   0  1  0  0  0  0/0    16:56   0:00   5:20 
Cam Atkinson             0  0  0   0  0   0  0  0  0  0  0/1    18:05   3:53   0:00 
Colin Wilson             0  0  0   0  0   0  0  1  0  0  0/0     0:18   0:00   0:00 
Derick Brassard          1  0  1   1  4   6  1  0  0  0  7/13   21:52   5:36   1:37 
Ed Jovanovski            0  1  1   1  0   3  3  2  0  0  0/0    18:45   4:32   4:19 
John-Michael Liles       0  0  0   0  0   1  0  0  0  0  0/0    15:59   4:57   0:00 
Keith Aulie              0  0  0   0  0   0  2  1  0  0  0/0     9:49   0:05   2:17 
Keith Ballard            0  0  0   0  0   0  0  2  0  0  0/0     6:42   0:00   0:00 
Matt Martin              0  0  0   0  2   0  4  1  0  0  0/0    19:24   0:11   1:39 
Mike Cammalleri          1  0  1   0  0   3  1  0  0  0  16/23  18:55   5:36   0:00 
Nick Schultz             0  0  0   0  4   0  1  3  0  0  0/0    17:00   0:00   4:55 
Nicklas Grossmann        0  0  0   1  2   0  1  2  0  0  0/0    16:15   0:00   5:56 
Raphael Diaz             0  2  2   1  0   0  0  0  0  0  0/0    14:10   4:32   0:20 
Rene Bourque             1  0  1   1  0   3  3  0  0  0  1/1    19:18   5:54   1:17 
Scott Gomez              0  1  1   1  0   0  0  0  0  0  2/3    13:46   3:35   2:30 
Tim Stapleton            0  0  0   1  0   1  0  1  0  0  7/19   19:48   3:42   6:36 
Ville Leino              0  0  0   0  0   1  0  0  0  0  7/16   17:40   0:00   1:21 

Players Stats for RedWings

Player Name              G  A  P  +/- PIM S  H  SB GA TA FO     MP     PP MP  PK MP  
------------------------------------------------------------------------------------
Alexandre Burrows        0  0  0  -1  0   0  2  0  0  0  2/5    24:47   6:04   3:18 
Brian Campbell           0  0  0  -1  0   1  1  2  0  0  0/0    25:35   5:26   5:03 
Chris Summers            0  0  0   0  0   0  0  0  0  0  0/0     5:22   0:00   0:00 
Curtis Glencross         0  0  0  -1  0   1  4  0  0  0  1/2    23:33   4:41   3:27 
Daymond Langkow          0  0  0  -1  2   4  2  0  0  0  12/20  18:11   6:04   0:00 
Eric Brewer              0  0  0   0  4   1  4  0  0  0  0/0    23:15   5:25   3:48 
Jamie Langenbrunner      0  0  0  -1  0   2  2  1  0  0  0/0    17:08   4:41   0:19 
Jared Spurgeon           0  0  0   0  0   1  0  2  0  0  0/0     9:48   0:00   1:46 
Keith Yandle             0  0  0  -1  0   0  1  1  0  0  0/0    21:01   5:19   4:26 
Mark Fraser              0  0  0   0  0   0  0  0  0  0  0/0     5:51   0:00   0:29 
Nate Thompson            0  0  0   0  0   1  0  0  0  0  8/17   16:39   0:00   5:52 
Paul Martin              0  0  0  -1  2   3  0  1  0  0  0/0    20:00   5:19   3:26 
Pavel Kubina             0  0  0  -1  4   0  1  0  0  0  0/0     9:03   0:00   0:00 
Ray Whitney              0  0  0   0  0   5  1  0  0  0  0/1    16:49   0:00   6:02 
Ryan Whitney             0  0  0   0  0   0  0  0  0  0  0/0     0:00   0:00   0:00 
Sergei Kostitsyn         0  0  0  -1  0   0  1  0  0  0  1/2    18:12   6:04   0:00 
Stephen Gionta           0  0  0   0  0   1  0  0  0  0  1/1    12:13   0:00   0:00 
Travis Zajac             0  0  0   0  0   1  1  0  0  0  11/28  20:59   4:41   0:00 

3 Stars

1 - Mathieu Garon (DAL)
2 - Rene Bourque (DAL)
3 - Raphael Diaz (DAL)

Power Play

Stars - 1 on 6 Attempt(s) - 16.67%
RedWings - 0 on 7 Attempt(s) - 0.00%

Penalty Kill

Stars - 7 on 7 Attempt(s) - 100.00% - Score 0 goal in Penalty Kill
RedWings - 5 on 6 Attempt(s) - 83.33% - Score 0 goal in Penalty Kill

Official

Referees : Marc Joannette and Kelly Sutherland
Linesman : Vaughan Rody and Steve Miller

Game Notes

Colin Wilson is injured at 3:01 of 1st period (Upper Body)

Finance

Level 1 -- Attendance: 6500 (100.00%) -- Ticket Income $487,500
Level 2 -- Attendance: 5000 (100.00%) -- Ticket Income $250,000
Level 3 -- Attendance: 3500 (100.00%) -- Ticket Income $105,000
Level 4 -- Attendance: 2961 (72.82%) -- Ticket Income $59,220
Luxury Box -- Attendance: 998 (99.80%) -- Ticket Income $149,700
Game was played at the Joe Louis Arena
Total Attendance: 18959 (94.48%)
Total Ticket Income: $1,051,420
Other Income: $157,713
Total Income: $1,209,133


% Time on Ice - Stars

Lines # - Real PCT - Wanted PCT - Time Play
Normal Forward
1 - 25% - 34% - 9:30
2 - 30% - 34% - 11:29
3 - 43% - 25% - 16:19
4 - 1% - 7% - 0:29
Normal Defense
1 - 26% - 35% - 9:41
2 - 32% - 35% - 12:06
3 - 25% - 25% - 9:18
4 - 18% - 5% - 6:42
PP Forward
1 - 61% - 70% - 5:47
2 - 39% - 30% - 3:42
PP Defense
1 - 52% - 65% - 4:57
2 - 48% - 35% - 4:32
PK Forward
1 - 86% - 60% - 8:14
2 - 14% - 40% - 1:21
PK Defense
1 - 71% - 70% - 6:46
2 - 29% - 30% - 2:49
PK3 Forward
1 - 100% - 60% - 1:10
2 - 0% - 40% - 0:00
PK3 Defense
1 - 49% - 70% - 0:34
2 - 51% - 30% - 0:36
44 Forward
1 - 68% - 60% - 1:21
2 - 32% - 40% - 0:38
44 Defense
1 - 32% - 60% - 0:38
2 - 68% - 40% - 1:21
Last Minute Offensive  - 0:00
Last Minute Defensive  - 0:00
Total
Forward - 60:00
Defense - 60:00

% Time on Ice - RedWings

Lines # - Real PCT - Wanted PCT - Time Play
Normal Forward
1 - 39% - 40% - 14:52
2 - 32% - 30% - 12:08
3 - 29% - 20% - 10:47
4 - 0% - 10% - 0:00
Normal Defense
1 - 37% - 40% - 14:03
2 - 27% - 30% - 10:20
3 - 21% - 20% - 8:02
4 - 14% - 10% - 5:22
PP Forward
1 - 56% - 60% - 6:04
2 - 44% - 40% - 4:41
PP Defense
1 - 51% - 60% - 5:26
2 - 49% - 40% - 5:19
PK Forward
1 - 65% - 60% - 6:11
2 - 35% - 40% - 3:18
PK Defense
1 - 53% - 60% - 5:03
2 - 47% - 40% - 4:26
PK3 Forward
1 - 0% - 60%
2 - 0% - 40%
PK3 Defense
1 - 0% - 60%
2 - 0% - 40%
44 Forward
1 - 72% - 60% - 1:26
2 - 28% - 40% - 0:33
44 Defense
1 - 53% - 60% - 1:03
2 - 47% - 40% - 0:56
Last Minute Offensive  - 0:00
Last Minute Defensive  - 0:00
Total
Forward - 60:00
Defense - 60:00

Play by Play

1st period


0:01 of 1st period - Derick Brassard wins face-off versus Travis Zajac in neutral zone.
0:01 of 1st period - Derick Brassard is hit by Alexandre Burrows.
0:11 of 1st period - Derick Brassard is hit by Eric Brewer and loses puck.
0:44 of 1st period - Minor Penalty to Derick Brassard for Goalie Interference.
0:45 of 1st period - Daymond Langkow wins face-off versus Tim Stapleton in Stars zone.
0:46 of 1st period - Shot by Keith Yandle.
0:46 of 1st period - Shot Misses the Net.
1:48 of 1st period - Shot by Brian Campbell.
1:48 of 1st period - Stopped by Mathieu Garon without a rebound.
1:49 of 1st period - Curtis Glencross wins face-off versus Ville Leino in Stars zone.
2:04 of 1st period - Shot by Travis Zajac.
2:04 of 1st period - Deflect By Jamie Langenbrunner.
2:04 of 1st period - Stopped by Mathieu Garon without a rebound.
2:05 of 1st period - Tim Stapleton wins face-off versus Travis Zajac in Stars zone.
2:19 of 1st period - Icing by Brian Campbell.
2:20 of 1st period - Travis Zajac wins face-off versus Tim Stapleton in RedWings zone.
2:57 of 1st period - Shot by Ray Whitney.
2:57 of 1st period - Stopped by Mathieu Garon with a rebound.
2:59 of 1st period - Shot by Ray Whitney.
2:59 of 1st period - Shot Misses the Net.
3:01 of 1st period - Shot by Ray Whitney.
3:01 of 1st period - Shot Blocked by Colin Wilson.
3:01 of 1st period - Colin Wilson from Stars is injured at 3:01 of 1st period (Upper Body).
3:02 of 1st period - Daymond Langkow wins face-off versus Ville Leino in Stars zone.
3:05 of 1st period - Shot by Jamie Langenbrunner.
3:05 of 1st period - Shot Misses the Net.
3:07 of 1st period - Shot by Daymond Langkow.
3:07 of 1st period - Stopped by Mathieu Garon without a rebound.
3:08 of 1st period - Stephen Gionta wins face-off versus Derick Brassard in Stars zone.
3:17 of 1st period - Shot by Ray Whitney.
3:17 of 1st period - Deflect By Stephen Gionta.
3:17 of 1st period - Shot Blocked by Nick Schultz.
3:29 of 1st period - Shot by Ray Whitney.
3:29 of 1st period - Shot Misses the Net.
3:33 of 1st period - Shot by Nate Thompson.
3:33 of 1st period - Stopped by Mathieu Garon without a rebound.
3:34 of 1st period - Ville Leino wins face-off versus Daymond Langkow in Stars zone.
3:34 of 1st period - Ville Leino is hit by Jamie Langenbrunner.
3:37 of 1st period - Minor Penalty to Daymond Langkow for Roughing.
3:38 of 1st period - Nate Thompson wins face-off versus Mike Cammalleri in RedWings zone.
3:38 of 1st period - Nate Thompson is hit by Rene Bourque.
3:52 of 1st period - Shot by John-Michael Liles.
3:52 of 1st period - Stopped by Roberto Luongo without a rebound.
3:53 of 1st period - Tim Stapleton wins face-off versus Ray Whitney in RedWings zone.
4:10 of 1st period - Shot by Ed Jovanovski.
4:10 of 1st period - Stopped by Roberto Luongo with a rebound.
4:24 of 1st period - Shot by Ed Jovanovski.
4:24 of 1st period - Shot Misses the Net.
4:37 of 1st period - Raphael Diaz is hit by Keith Yandle and loses puck.
5:02 of 1st period - Shot by Alec Martinez.
5:02 of 1st period - Shot Misses the Net.
5:08 of 1st period - Shot by Alec Martinez.
5:08 of 1st period - Stopped by Roberto Luongo without a rebound.
5:09 of 1st period - Alexandre Burrows wins face-off versus Mike Cammalleri in RedWings zone.
5:45 of 1st period - Shot by Ville Leino.
5:45 of 1st period - Shot Misses the Net.
5:54 of 1st period - Ville Leino is hit by Pavel Kubina and loses puck.
6:36 of 1st period - Shot by Derick Brassard.
6:36 of 1st period - Stopped by Roberto Luongo without a rebound.
6:37 of 1st period - Derick Brassard wins face-off versus Travis Zajac in RedWings zone.
7:02 of 1st period - Shot by Curtis Glencross.
7:02 of 1st period - Shot Misses the Net.
7:07 of 1st period - Curtis Glencross is hit by Ed Jovanovski and loses puck.
7:39 of 1st period - Icing by Keith Yandle.
7:40 of 1st period - Mike Cammalleri wins face-off versus Nate Thompson in RedWings zone.
7:59 of 1st period - Shot by Ray Whitney.
7:59 of 1st period - Shot Blocked by Nick Schultz.
8:01 of 1st period - Shot by Ray Whitney.
8:01 of 1st period - Stopped by Mathieu Garon without a rebound.
8:02 of 1st period - Daymond Langkow wins face-off versus Ville Leino in Stars zone.
8:40 of 1st period - Off-side.
8:41 of 1st period - Mike Cammalleri wins face-off versus Travis Zajac in neutral zone.
8:48 of 1st period - Shot by Rene Bourque.
8:48 of 1st period - Shot Misses the Net.
9:17 of 1st period - Shot by Mike Cammalleri.
9:17 of 1st period - Shot Misses the Net.
9:49 of 1st period - Shot by Ray Whitney.
9:49 of 1st period - Stopped by Mathieu Garon without a rebound.
9:50 of 1st period - Daymond Langkow wins face-off versus Ville Leino in Stars zone.
9:55 of 1st period - Shot by Jamie Langenbrunner.
9:55 of 1st period - Stopped by Mathieu Garon without a rebound.
9:56 of 1st period - Daymond Langkow wins face-off versus Ville Leino in Stars zone.
9:56 of 1st period - Daymond Langkow is hit by Nicklas Grossmann.
10:16 of 1st period - Shot by Daymond Langkow.
10:16 of 1st period - Stopped by Mathieu Garon with a rebound.
10:40 of 1st period - Shot by Sergei Kostitsyn.
10:40 of 1st period - Deflect By Daymond Langkow.
10:40 of 1st period - Shot Misses the Net.
11:09 of 1st period - Icing by Nick Schultz.
11:10 of 1st period - Travis Zajac wins face-off versus Derick Brassard in Stars zone.
11:48 of 1st period - Shot by Derick Brassard.
11:48 of 1st period - Stopped by Roberto Luongo without a rebound.
11:49 of 1st period - Mike Cammalleri wins face-off versus Nate Thompson in RedWings zone.
11:49 of 1st period - Rene Bourque is hit by Eric Brewer.
11:50 of 1st period - Minor Penalty to Eric Brewer for Boarding.
11:51 of 1st period - Nate Thompson wins face-off versus Mike Cammalleri in RedWings zone.
11:57 of 1st period - Icing by Raphael Diaz.
11:58 of 1st period - Mike Cammalleri wins face-off versus Nate Thompson in Stars zone.
12:14 of 1st period - Shot by Ed Jovanovski.
12:14 of 1st period - Shot Blocked by Jared Spurgeon.
12:16 of 1st period - Shot by Ed Jovanovski.
12:16 of 1st period - Shot Blocked by Jared Spurgeon.
12:37 of 1st period - Shot by Derick Brassard.
12:37 of 1st period - Stopped by Roberto Luongo without a rebound.
12:38 of 1st period - Alexandre Burrows wins face-off versus Tim Stapleton in RedWings zone.
14:09 of 1st period - Icing by Keith Ballard.
14:10 of 1st period - Travis Zajac wins face-off versus Ville Leino in Stars zone.
14:35 of 1st period - Shot by Keith Yandle.
14:35 of 1st period - Shot Blocked by Keith Aulie.
14:37 of 1st period - Shot by Curtis Glencross.
14:37 of 1st period - Shot Blocked by Matt Martin.
14:43 of 1st period - Shot by Curtis Glencross.
14:43 of 1st period - Stopped by Mathieu Garon with a rebound.
15:36 of 1st period - Icing by Keith Ballard.
15:37 of 1st period - Nate Thompson wins face-off versus Ville Leino in Stars zone.
15:41 of 1st period - Icing by Keith Ballard.
15:42 of 1st period - Nate Thompson wins face-off versus Ville Leino in Stars zone.
15:56 of 1st period - Shot by Ray Whitney.
15:56 of 1st period - Stopped by Mathieu Garon without a rebound.
15:57 of 1st period - Mike Cammalleri wins face-off versus Travis Zajac in Stars zone.
16:01 of 1st period - Icing by Alec Martinez.
16:02 of 1st period - Travis Zajac wins face-off versus Mike Cammalleri in Stars zone.
16:11 of 1st period - Shot by Alexandre Burrows.
16:11 of 1st period - Shot Misses the Net.
16:23 of 1st period - Icing by Travis Zajac.
16:24 of 1st period - Travis Zajac wins face-off versus Mike Cammalleri in RedWings zone.
16:24 of 1st period - Travis Zajac is hit by Derick Brassard.
17:30 of 1st period - Minor Penalty to Paul Martin for Hooking.
17:31 of 1st period - Nate Thompson wins face-off versus Tim Stapleton in RedWings zone.
18:00 of 1st period - Shot by Ed Jovanovski.
18:00 of 1st period - Stopped by Roberto Luongo with a rebound.
18:02 of 1st period - Shot by Ed Jovanovski.
18:02 of 1st period - Shot Blocked by Keith Yandle.
18:37 of 1st period - Shot by Mike Cammalleri.
18:37 of 1st period - Shot Misses the Net.
18:39 of 1st period - Shot by Alec Martinez.
18:39 of 1st period - Stopped by Roberto Luongo without a rebound.
18:40 of 1st period - Mike Cammalleri wins face-off versus Nate Thompson in RedWings zone.
18:45 of 1st period - Shot by Derick Brassard.
18:45 of 1st period - Shot Misses the Net.
18:47 of 1st period - Shot by Ed Jovanovski.
18:47 of 1st period - Stopped by Roberto Luongo with a rebound.
18:59 of 1st period - Shot by Ed Jovanovski.
18:59 of 1st period - Shot Misses the Net.
19:01 of 1st period - Shot by Ed Jovanovski.
19:01 of 1st period - Shot Misses the Net.
19:03 of 1st period - Shot by Mike Cammalleri.
19:03 of 1st period - Goal by Mike Cammalleri - Stars : 1 - RedWings : 0.
19:04 of 1st period - Ville Leino wins face-off versus Daymond Langkow in neutral zone.

2nd period


0:01 of 2nd period - Travis Zajac wins face-off versus Derick Brassard in neutral zone.
0:03 of 2nd period - Brian Campbell is hit by Ed Jovanovski and loses puck.
0:57 of 2nd period - Rene Bourque is hit by Brian Campbell.
1:05 of 2nd period - Shot by Mike Cammalleri.
1:05 of 2nd period - Shot Blocked by Brian Campbell.
1:07 of 2nd period - Shot by John-Michael Liles.
1:07 of 2nd period - Shot Misses the Net.
2:00 of 2nd period - Shot by Alec Martinez.
2:00 of 2nd period - Shot Misses the Net.
2:02 of 2nd period - Shot by Ville Leino.
2:02 of 2nd period - Stopped by Roberto Luongo without a rebound.
2:03 of 2nd period - Daymond Langkow wins face-off versus Derick Brassard in RedWings zone.
2:03 of 2nd period - Daymond Langkow is hit by Brandon Prust.
2:18 of 2nd period - Minor Penalty to Pavel Kubina for Hooking.
2:19 of 2nd period - Mike Cammalleri wins face-off versus Nate Thompson in RedWings zone.
2:46 of 2nd period - Shot by Mike Cammalleri.
2:46 of 2nd period - Shot Blocked by Paul Martin.
2:48 of 2nd period - Shot by Rene Bourque.
2:48 of 2nd period - Stopped by Roberto Luongo without a rebound.
2:49 of 2nd period - Nate Thompson wins face-off versus Tim Stapleton in RedWings zone.
3:56 of 2nd period - Shot by Alec Martinez.
3:56 of 2nd period - Shot Misses the Net.
3:58 of 2nd period - Shot by Mike Cammalleri.
3:58 of 2nd period - Shot Misses the Net.
4:00 of 2nd period - Shot by John-Michael Liles.
4:00 of 2nd period - Shot Hit the Post.
4:02 of 2nd period - Shot by Alec Martinez.
4:02 of 2nd period - Shot Blocked by Brian Campbell.
4:39 of 2nd period - Shot by Sergei Kostitsyn.
4:39 of 2nd period - Deflect By Daymond Langkow.
4:39 of 2nd period - Stopped by Mathieu Garon without a rebound.
4:40 of 2nd period - Daymond Langkow wins face-off versus Derick Brassard in Stars zone.
6:14 of 2nd period - Shot by Nick Schultz.
6:14 of 2nd period - Shot Blocked by Jamie Langenbrunner.
6:16 of 2nd period - Shot by Alec Martinez.
6:16 of 2nd period - Shot Misses the Net.
6:27 of 2nd period - Icing by Chris Summers.
6:28 of 2nd period - Derick Brassard wins face-off versus Daymond Langkow in RedWings zone.
7:10 of 2nd period - Shot by Travis Zajac.
7:10 of 2nd period - Shot Blocked by Keith Ballard.
7:12 of 2nd period - Shot by Alexandre Burrows.
7:12 of 2nd period - Shot Blocked by Keith Ballard.
7:14 of 2nd period - Shot by Travis Zajac.
7:14 of 2nd period - Stopped by Mathieu Garon without a rebound.
7:15 of 2nd period - Mike Cammalleri wins face-off versus Nate Thompson in Stars zone.
7:15 of 2nd period - Mike Cammalleri is hit by Ray Whitney.
7:21 of 2nd period - Paul Martin is hit by Mike Cammalleri and loses puck.
8:09 of 2nd period - Icing by Ville Leino.
8:10 of 2nd period - Ville Leino wins face-off versus Travis Zajac in Stars zone.
8:35 of 2nd period - Shot by Eric Brewer.
8:35 of 2nd period - Shot Misses the Net.
9:45 of 2nd period - Shot by Derick Brassard.
9:45 of 2nd period - Goal by Derick Brassard - Stars : 2 - RedWings : 0.
9:46 of 2nd period - Mike Cammalleri wins face-off versus Curtis Glencross in neutral zone.
9:49 of 2nd period - Keith Yandle is hit by Rene Bourque.
9:50 of 2nd period - Icing by Keith Yandle.
9:51 of 2nd period - Travis Zajac wins face-off versus Mike Cammalleri in RedWings zone.
11:06 of 2nd period - Icing by Eric Brewer.
11:07 of 2nd period - Ville Leino wins face-off versus Daymond Langkow in RedWings zone.
11:16 of 2nd period - Raphael Diaz is hit by Sergei Kostitsyn and loses puck.
12:36 of 2nd period - Icing by Nicklas Grossmann.
12:37 of 2nd period - Daymond Langkow wins face-off versus Mike Cammalleri in Stars zone.
13:09 of 2nd period - Icing by John-Michael Liles.
13:10 of 2nd period - Mike Cammalleri wins face-off versus Travis Zajac in Stars zone.
13:10 of 2nd period - Mike Cammalleri is hit by Travis Zajac.
13:37 of 2nd period - Shot by Tim Stapleton.
13:37 of 2nd period - Stopped by Roberto Luongo without a rebound.
13:38 of 2nd period - Nate Thompson wins face-off versus Scott Gomez in RedWings zone.
14:03 of 2nd period - Ray Whitney is hit by Alec Martinez and loses puck.
14:27 of 2nd period - Icing by Tim Stapleton.
14:28 of 2nd period - Scott Gomez wins face-off versus Travis Zajac in Stars zone.
14:28 of 2nd period - Scott Gomez is hit by Curtis Glencross.
15:33 of 2nd period - Shot by Daymond Langkow.
15:33 of 2nd period - Shot Misses the Net.
15:35 of 2nd period - Shot by Keith Yandle.
15:35 of 2nd period - Shot Blocked by Nicklas Grossmann.
15:37 of 2nd period - Shot by Paul Martin.
15:37 of 2nd period - Stopped by Mathieu Garon without a rebound.
15:38 of 2nd period - Nate Thompson wins face-off versus Ville Leino in Stars zone.
15:44 of 2nd period - Icing by Ed Jovanovski.
15:45 of 2nd period - Daymond Langkow wins face-off versus Cam Atkinson in Stars zone.
16:02 of 2nd period - Shot by Jamie Langenbrunner.
16:02 of 2nd period - Shot Misses the Net.
16:27 of 2nd period - Off-side.
16:28 of 2nd period - Mike Cammalleri wins face-off versus Travis Zajac in neutral zone.
16:42 of 2nd period - Minor Penalty to Derick Brassard for Hooking.
16:43 of 2nd period - Travis Zajac wins face-off versus Tim Stapleton in Stars zone.
16:57 of 2nd period - Travis Zajac is hit by Nick Schultz and loses puck.
17:31 of 2nd period - Minor Penalty to Nicklas Grossmann for High sticking.
17:32 of 2nd period - Rene Bourque wins face-off versus Daymond Langkow in Stars zone.
18:01 of 2nd period - Shot by Paul Martin.
18:01 of 2nd period - Shot Misses the Net.
18:17 of 2nd period - Shot by Sergei Kostitsyn.
18:17 of 2nd period - Shot Blocked by Nick Schultz.
18:38 of 2nd period - Scott Gomez is hit by Daymond Langkow and loses puck.
19:14 of 2nd period - Shot by Alec Martinez.
19:14 of 2nd period - Stopped by Roberto Luongo without a rebound.
19:15 of 2nd period - Travis Zajac wins face-off versus Tim Stapleton in RedWings zone.

3rd period


0:01 of 3rd period - Derick Brassard wins face-off versus Travis Zajac in neutral zone.
0:01 of 3rd period - Nick Schultz is hit by Curtis Glencross.
0:15 of 3rd period - Shot by Derick Brassard.
0:15 of 3rd period - Stopped by Roberto Luongo without a rebound.
0:16 of 3rd period - Mike Cammalleri wins face-off versus Daymond Langkow in RedWings zone.
0:17 of 3rd period - Shot by Derick Brassard.
0:17 of 3rd period - Stopped by Roberto Luongo without a rebound.
0:18 of 3rd period - Derick Brassard wins face-off versus Travis Zajac in RedWings zone.
0:31 of 3rd period - Shot by Alexandre Burrows.
0:31 of 3rd period - Shot Blocked by Tim Stapleton.
1:27 of 3rd period - Off-side.
1:28 of 3rd period - Ville Leino wins face-off versus Nate Thompson in neutral zone.
1:59 of 3rd period - Nate Thompson is hit by Matt Martin.
2:06 of 3rd period - Minor Penalty to Pavel Kubina for Hooking.
2:07 of 3rd period - Mike Cammalleri wins face-off versus Nate Thompson in RedWings zone.
2:27 of 3rd period - John-Michael Liles is hit by Eric Brewer and loses puck.
2:36 of 3rd period - Shot by Mike Cammalleri.
2:36 of 3rd period - Stopped by Roberto Luongo with a rebound.
2:38 of 3rd period - Shot by Rene Bourque.
2:38 of 3rd period - Stopped by Roberto Luongo with a rebound.
3:12 of 3rd period - Keith Yandle is hit by Rene Bourque and loses puck.
3:24 of 3rd period - Off-side.
3:25 of 3rd period - Mike Cammalleri wins face-off versus Nate Thompson in neutral zone.
3:55 of 3rd period - Icing by Derick Brassard.
3:56 of 3rd period - Mike Cammalleri wins face-off versus Alexandre Burrows in Stars zone.
4:00 of 3rd period - Icing by John-Michael Liles.
4:01 of 3rd period - Mike Cammalleri wins face-off versus Alexandre Burrows in Stars zone.
4:01 of 3rd period - Mike Cammalleri is hit by Curtis Glencross.
4:06 of 3rd period - Icing by John-Michael Liles.
4:07 of 3rd period - Ville Leino wins face-off versus Travis Zajac in Stars zone.
4:44 of 3rd period - Eric Brewer is hit by Matt Martin and loses puck.
4:53 of 3rd period - Ville Leino is hit by Curtis Glencross and loses puck.
6:40 of 3rd period - Shot by Mike Cammalleri.
6:40 of 3rd period - Stopped by Roberto Luongo without a rebound.
6:41 of 3rd period - Derick Brassard wins face-off versus Travis Zajac in RedWings zone.
6:55 of 3rd period - Minor Penalty to Brandon Prust for Hooking.
6:56 of 3rd period - Tim Stapleton wins face-off versus Sergei Kostitsyn in Stars zone.
7:09 of 3rd period - Shot by Eric Brewer.
7:09 of 3rd period - Stopped by Mathieu Garon without a rebound.
7:10 of 3rd period - Travis Zajac wins face-off versus Tim Stapleton in Stars zone.
8:02 of 3rd period - Keith Aulie is hit by Eric Brewer and loses puck.
8:10 of 3rd period - Off-side.
8:11 of 3rd period - Daymond Langkow wins face-off versus Tim Stapleton in neutral zone.
9:02 of 3rd period - Chris Summers is hit by Matt Martin.
9:29 of 3rd period - Ray Whitney is hit by Keith Aulie.
10:03 of 3rd period - Shot by Curtis Glencross.
10:03 of 3rd period - Shot Misses the Net.
10:05 of 3rd period - Shot by Paul Martin.
10:05 of 3rd period - Shot Misses the Net.
10:07 of 3rd period - Shot by Alexandre Burrows.
10:07 of 3rd period - Shot Misses the Net.
10:30 of 3rd period - Mike Cammalleri is hit by Jamie Langenbrunner and loses puck.
10:34 of 3rd period - Minor Penalty to Matt Martin for Cross-checking.
10:35 of 3rd period - Tim Stapleton wins face-off versus Travis Zajac in Stars zone.
10:56 of 3rd period - Icing by Brian Campbell.
10:57 of 3rd period - Tim Stapleton wins face-off versus Travis Zajac in RedWings zone.
11:42 of 3rd period - Shot by Paul Martin.
11:42 of 3rd period - Stopped by Mathieu Garon with a rebound.
11:44 of 3rd period - Shot by Paul Martin.
11:44 of 3rd period - Shot Blocked by Nicklas Grossmann.
11:46 of 3rd period - Shot by Paul Martin.
11:46 of 3rd period - Stopped by Mathieu Garon without a rebound.
11:47 of 3rd period - Daymond Langkow wins face-off versus Tim Stapleton in Stars zone.
12:41 of 3rd period - Shot by Ray Whitney.
12:41 of 3rd period - Stopped by Mathieu Garon with a rebound.
12:43 of 3rd period - Shot by Stephen Gionta.
12:43 of 3rd period - Stopped by Mathieu Garon with a rebound.
13:07 of 3rd period - Shot by Stephen Gionta.
13:07 of 3rd period - Shot Blocked by Ed Jovanovski.
13:09 of 3rd period - Shot by Jared Spurgeon.
13:09 of 3rd period - Stopped by Mathieu Garon without a rebound.
13:10 of 3rd period - Ville Leino wins face-off versus Daymond Langkow in Stars zone.
13:10 of 3rd period - Ville Leino is hit by Daymond Langkow.
14:09 of 3rd period - Shot by Alexandre Burrows.
14:09 of 3rd period - Shot Misses the Net.
15:11 of 3rd period - Double Minor Penalty to Nick Schultz for High sticking.
15:12 of 3rd period - Tim Stapleton wins face-off versus Travis Zajac in Stars zone.
15:56 of 3rd period - Icing by Brian Campbell.
15:57 of 3rd period - Sergei Kostitsyn wins face-off versus Tim Stapleton in RedWings zone.
16:11 of 3rd period - Shot by Daymond Langkow.
16:11 of 3rd period - Stopped by Mathieu Garon without a rebound.
16:12 of 3rd period - Daymond Langkow wins face-off versus Tim Stapleton in Stars zone.
16:19 of 3rd period - Shot by Eric Brewer.
16:19 of 3rd period - Shot Blocked by Ed Jovanovski.
16:30 of 3rd period - Minor Penalty to Eric Brewer for Holding.
16:31 of 3rd period - Derick Brassard wins face-off versus Travis Zajac in RedWings zone.
17:26 of 3rd period - Icing by Alec Martinez.
17:27 of 3rd period - Scott Gomez wins face-off versus Alexandre Burrows in Stars zone.
17:27 of 3rd period - Rene Bourque is hit by Alexandre Burrows and loses puck.
17:53 of 3rd period - Shot by Scott Gomez.
17:53 of 3rd period - Deflect By Rene Bourque.
17:53 of 3rd period - Goal by Rene Bourque - Stars : 3 - RedWings : 0.
17:54 of 3rd period - Travis Zajac wins face-off versus Derick Brassard in neutral zone.
18:03 of 3rd period - Stephen Gionta is hit by Ed Jovanovski and loses puck.
18:53 of 3rd period - Icing by Daymond Langkow.
18:54 of 3rd period - Tim Stapleton wins face-off versus Daymond Langkow in RedWings zone.
19:38 of 3rd period - Nate Thompson is hit by Keith Aulie and loses puck.
19:54 of 3rd period - Chris Summers is hit by Matt Martin and loses puck.


Output by the SimonT Hockey Simulator (STHS) for Stephane Roy -- Original Page W3C XHTML 1.0 Valid
Hockey Simulator - Hockey Simulation - Hockey Manager